 Dungeon Crawl Stone Soup version 0.21.1-1-g345015f (webtiles) character file.

1839 Monsterracer the Insei (level 9, -2/59 HPs)
             Began as an Octopode Transmuter on Feb 15, 2018.
             Was an Initiate of Gozag.
             Slain by a killer bee zombie (6 damage)
             ... on level 7 of the Dungeon.
             The game lasted 00:09:22 (6793 turns).

Monsterracer the Insei (Octopode Transmuter)        Turns: 6793, Time: 00:09:22

Health: -2/59      AC:  2    Str:  9    XL:     9   Next: 11%
Magic:  13/16      EV: 23    Int: 18    God:    Gozag
Gold:   716        SH:  0    Dex: 18    Spells: 8/17 levels left

rFire    . . .     SeeInvis .     - Unarmed
rCold    . . .     Gourm    .   (shield currently unavailable)
rNeg     + . .     Faith    .   (helmet currently unavailable)
rPois    x         Spirit   .   (no amulet)
rElec    .         Reflect  .   f - ring of positive energy {!d}
rCorr    .         Harm     .   (no ring)
MR       .....                  (no ring)
Stlth    +++.......             (no ring)
HPRegen  0.19/turn              (no ring)
MPRegen  0.15/turn              (no ring)
                                (no ring)
                                (no ring)

@: spider-form (expiring), gold aura, berserk cooldown, slowed, very slow
A: tiny, almost no armour, stealthy swim, (amphibious), 8 rings, (constrict 8)
a: End Transformation, Potion Petition, Call Merchant, Bribe Branch, Renounce
Religion


You were on level 7 of the Dungeon.
You worshipped Gozag.
Gozag was pleased with you.
You were not hungry.
You were a venomous arachnid creature.
You visited 2 branches of the dungeon, and saw 8 of its levels.
You also visited: Ossuary.

You collected 748 gold pieces.
You paid 32 gold pieces to Gozag.

Inventory:

Missiles
 a - 105 arrows
Armour
 j - a +2 hat (melded)
Jewellery
 f - a ring of positive energy (left front leg) {!d}
Wands
 i - a wand of polymorph (25)
 m - a wand of iceblast (7)
 n - a wand of paralysis (8)
Scrolls
 g - 2 scrolls of amnesia
 h - 6 scrolls of teleportation
 o - 6 scrolls of remove curse
Potions
 b - a potion of mutation {unknown}
 d - 3 potions of heal wounds {unknown}
 e - 8 potions of curing
 k - 4 potions of berserk rage {!q}
 l - a potion of brilliance {unknown}
 p - a potion of might {unknown}
Comestibles
 c - 7 rations


   Skills:
 + Level 4.3 Fighting
 + Level 4.7 Dodging
 - Level 4.1 Stealth
 * Level 7.0 Unarmed Combat
 * Level 4.9 Spellcasting
 + Level 4.7 Transmutations


You had 8 spell levels left.
You knew the following spells:

 Your Spells              Type           Power        Failure   Level  Hunger
a - Ice Form              Ice/Tmut       ##......     67%         4    ####...
b - Sticks to Snakes      Tmut           ###.....     10%         2    #......
c - Spider Form           Tmut/Pois      ##........   34%         3    ###....


Dungeon Overview and Level Annotations

Branches:
Dungeon (7/15)             Temple (1/1) D:4

Altars:
Ashenzari
Cheibriados
Dithmenos
Elyvilon
Fedhas
Gozag
Kikubaaqudgha
Makhleb
Nemelex Xobeh
Qazlal
Ru
Sif Muna
Trog
Uskayaw
Vehumet
Wu Jian
Yredelemnul
Zin

Annotations:
D:3 Monsterracer's ghost, amateur OpTm


Innate Abilities, Weirdness & Mutations

You cannot wear most types of armour.
You are very stealthy in the water. (Stealth+)
((You are amphibious.))
You can wear up to eight rings at the same time.
((You can use your tentacles to constrict eight enemies at once.))
((Your skin changes colour to match your surroundings (Stealth+).))
((Your rubbery body absorbs attacks. (AC +1, EV +1)))


Message History

An orc comes into view. It is wielding a mace.
You take 9 damage, and have 25/58 hp.
Casting: Spider Form
Confirm with . or Enter, or press ? or * to list all spells.
You turn into a venomous arachnid creature.
Your +2 hat melds into your body.
The orc shouts!
You hear a shout! x2
The wyvern bites you.
* * * LOW HITPOINT WARNING * * *
A worker ant and an orc come into view.
You take 5 damage, and have 20/58 hp.
You now have 12/15 mp.
You barely miss the wyvern.
The wyvern is lightly wounded.
The worker ant twitches its antennae in your direction.
The wyvern completely misses you. The wyvern closely misses you.
The orc moves out of view.
You closely miss the wyvern. The wyvern completely misses you.
You closely miss the wyvern. The wyvern bites you!
* * * LOW HITPOINT WARNING * * *
The killer bee zombie misses you.
You take 12 damage, and have 8/58 hp.
MASSIVE DAMAGE!! [a] - 0 gold - heal wounds, curing and berserk rage [b] - 0 gold - curing and magic [c] - 0 gold - haste and brilliance Purchase which effect?
You feel much better.
You feel better.
A red film seems to cover your vision as you go berserk!
You feel yourself moving faster!
You feel mighty!
The killer bee zombie closely misses you.
The wyvern bites you.
The killer bee zombie barely misses you.
The wyvern completely misses you.
An orc comes into view. It is wielding a hand axe.
You now have 52/87 hp.
The orc shouts!
You bite the wyvern!
The wyvern is heavily wounded.
You hear a shout!
The killer bee zombie hits you. The wyvern bites you!
* * * LOW HITPOINT WARNING * * *
You take 21 damage, and have 31/87 hp.
MASSIVE DAMAGE!!
You bite the wyvern!
The wyvern is poisoned.
The wyvern is severely wounded.
The killer bee zombie closely misses you.
The wyvern misses you.
You barely miss the wyvern.
The wyvern is severely wounded.
The killer bee zombie hits you.
* * * LOW HITPOINT WARNING * * *
You take 2 damage, and have 29/87 hp.
You hit the wyvern but do no damage.
The wyvern looks as sick as possible!
The wyvern is almost dead.
The wyvern misses you.
The killer bee zombie barely misses you.
The orc completely misses you.
You closely miss the wyvern.
The wyvern is almost dead.
Your transformation is almost over.
The wyvern closely misses you. The killer bee zombie hits you.
* * * LOW HITPOINT WARNING * * *
You take 3 damage, and have 26/87 hp.
You bite the worker ant!
The worker ant looks as sick as possible!
The worker ant is almost dead.
The worker ant completely misses you.
The killer bee zombie completely misses you.
The wyvern bites you!!
* * * LOW HITPOINT WARNING * * *
The orc hits you but does no damage.
You take 19 damage, and have 7/87 hp.
MASSIVE DAMAGE!!
You bite the worker ant!
You kill the worker ant!
The killer bee zombie closely misses you.
You bite the wyvern!
You kill the wyvern!
Your Unarmed Combat skill increases to level 7!
The killer bee zombie closely misses you.
The orc hits you with a mace.
* * * LOW HITPOINT WARNING * * *
An orc wizard comes into view. It is wielding a dagger.
You hit the killer bee zombie.
The killer bee zombie is lightly damaged.
The killer bee zombie hits you.
* * * LOW HITPOINT WARNING * * *
An orc comes into view. It is wielding a dagger.
You take 3 damage, and have 4/88 hp.
The orc shouts!
You bite the killer bee zombie!
The killer bee zombie is heavily damaged.
You hear a shout!
The killer bee zombie barely misses you.
The killer bee zombie misses you.
You feel a strong urge to attack something.
You are no longer berserk.
You are exhausted.
You feel yourself slow down.
You now have 3/59 hp.
The killer bee zombie hits you.
You die...
Your body crumbles into a pile of gold.

######..#.)......#
..........######.#
...####.###### .
#.........
#..####### #..#
###.####..#
..........#
###.####s.# #
#Z.####.#.
#.........
#.####......... $
#.....o.##.###.
####...o$......
#.#.........
#.......###.
###..#..#


You could see 2 orcs and a killer bee zombie.

Vanquished Creatures
  A wyvern (D:7)
  A sky beast (D:5)
  3 ogres
  3 centaurs
  2 elf zombies (Ossuary)
  2 bullfrogs
  A scorpion (D:4)
  3 crimson imps (D:6)
  A human zombie (Ossuary)
  2 bullfrog zombies
  3 hounds (D:4)
  3 orc priests
  An iguana (D:4)
  2 orc wizards
  5 worker ants
  A hound skeleton (D:5)
  2 mummies (Ossuary)
  7 adders
  A shadow imp (D:5)
  An ooze (D:4)
  2 adder zombies (Ossuary)
  A worm (D:3)
  2 dart slugs
  A leopard gecko (D:1)
  7 orcs
  7 giant cockroaches
  3 hobgoblins
  5 jackals
  6 bats
  8 frilled lizards
  6 goblins
  11 hobgoblin zombies (Ossuary)
  A jackal skeleton (D:6)
  A jackal zombie (Ossuary)
  8 kobolds
  7 kobold zombies (Ossuary)
  2 leopard gecko skeletons
  A leopard gecko zombie (D:6)
  10 orc zombies (Ossuary)
  6 rats
  2 rat zombies (Ossuary)
142 creatures vanquished.

Notes
Turn   | Place    | Note
-------+----------+-------------------------------------------
     0 | D:1      | Monsterracer the Octopode Transmuter began the quest for the Orb.
     0 | D:1      | Reached XP level 1. HP: 13/13 MP: 3/3
   114 | D:1      | Reached XP level 2. HP: 18/18 MP: 5/5
   185 | D:1      | Reached skill level 1 in Stealth
   188 | D:1      | HP: 9/18 [bat (1)]
   766 | D:2      | Reached XP level 3. HP: 23/23 MP: 6/6
   770 | D:2      | Learned a level 2 spell: Sticks to Snakes
   774 | D:2      | Learned a level 3 spell: Spider Form
   938 | D:2      | HP: 11/23 [adder (5)]
  1189 | D:2      | Noticed an enchanted hand axe
  1190 | D:2      | Noticed a hand axe
  1213 | D:2      | Found a hide-covered altar of Uskayaw.
  1701 | D:3      | Noticed Monsterracer's ghost (amateur OpTm)
  2099 | D:3      | Reached XP level 4. HP: 29/29 MP: 7/7
  2658 | D:4      | Noticed a bullfrog
  2673 | D:4      | Killed a bullfrog
  2673 | D:4      | Reached skill level 4 in Unarmed Combat
  2673 | D:4      | Reached XP level 5. HP: 31/34 MP: 8/8
  2840 | D:4      | Found a staircase to the Ecumenical Temple.
  2857 | D:4      | Reached XP level 6. HP: 35/40 MP: 9/9
  2862 | D:4      | HP: 19/40 [orc/whip (3)]
  2877 | Temple   | Entered the Ecumenical Temple
  2963 | Temple   | Became a worshipper of Gozag Ym Sagoz the Greedy
  3014 | Temple   | Learned a level 4 spell: Ice Form
  3450 | D:5      | Entered Level 5 of the Dungeon
  3455 | D:5      | Found a sand-covered staircase.
  3463 | Ossuary  | Entered an ossuary
  3682 | Ossuary  | Reached skill level 5 in Unarmed Combat
  3695 | Ossuary  | Reached XP level 7. HP: 27/45 MP: 10/10
  3715 | Ossuary  | HP: 20/45 [elf zombie (4)]
  3721 | Ossuary  | HP: 15/45 [elf zombie (1)]
  3900 | Ossuary  | HP: 20/45 [elf zombie (5)]
  3908 | Ossuary  | HP: 15/45 [elf zombie (6)]
  4216 | D:5      | HP: 19/46 [centaur/arrow (12)]
  4222 | D:5      | HP: 19/46 [hound (1)]
  4227 | D:4      | HP: 10/46 [hound (5)]
  4725 | D:5      | Reached XP level 8. HP: 52/52 MP: 8/12
  4768 | D:5      | HP: 24/52 [centaur (3)]
  5009 | D:5      | Found a bloodstained altar of Trog.
  5209 | D:5      | Reached skill level 6 in Unarmed Combat
  6004 | D:6      | Found a blossoming altar of Fedhas.
  6092 | D:6      | Found a sparkling altar of Nemelex Xobeh.
  6621 | D:6      | Found a shadowy altar of Dithmenos.
  6731 | D:7      | Reached XP level 9. HP: 56/58 MP: 12/15
  6774 | D:7      | HP: 25/58 [wyvern (10)]
  6778 | D:7      | HP: 8/58 [wyvern (12)]
  6784 | D:7      | HP: 26/87 [killer bee zombie (3)]
  6785 | D:7      | HP: 7/87 [wyvern (19)]
  6787 | D:7      | Reached skill level 7 in Unarmed Combat
  6793 | D:7      | Slain by a killer bee zombie

Skill      XL: |  1  2  3  4  5  6  7  8  9 |
---------------+----------------------------+-----
Stealth        | 1 2 3 4 |  4.1
Fighting       | 2 3 4 |  4.3
Unarmed Combat | 4 5 6 7 |  7.0
Dodging        | 3 4 |  4.7
Transmutations | 3 4 |  4.7
Spellcasting   | 3 4 |  4.9

Action                   |  1- 3 |  4- 6 |  7- 9 || total
-------------------------+-------+-------+-------++-------
Melee: Unarmed           |    87 |   136 |   211 ||   434
       Tentacles         |    21 |    32 |    37 ||    90
       Constrict         |    24 |    48 |    35 ||   107
       Punch             |     3 |     6 |     5 ||    14
 Cast: Spider Form       |       |       |     4 ||     4
Invok: Potion Petition   |       |       |     1 ||     1
  Use: Scroll            |       |     8 |     5 ||    13
 Stab: Sleeping          |    12 |     5 |     6 ||    23
  Eat: Chunk             |     4 |     2 |       ||     6
       Ration            |       |     1 |     3 ||     4
Armor: Skin              |    14 |    15 |    18 ||    47
Dodge: Dodged            |    56 |    72 |   127 ||   255

Vault maps used:
D:1:      dpeg_arrival_tiny_a, chequers_big_river
D:2:      dancing_weapons_uskayaw, first_ration, corexii_hall_statues_u
D:4:      minmay_temple_entry_junction, serial_bayou, serial_bayou_lagoon_b,
          serial_bayou_ford_a, serial_bayou_pond_b, serial_bayou_crossing
D:5:      bloody_trog, chequers_ossuary_entry_cave, st_stairs_14
D:6:      old_standard_altar, lemuel_coloured_pillars_altar,
          nemelex_xobeh_ov_fountains_minmay
D:7:      kennysheep_little_box, the_bakery
Temple:   jpeg_temple_clearing
Ossuary:  ossuary_tomb_1
